 Dungeon Crawl Stone Soup version 0.28-a0-792-g75f770b (webtiles) character file.

Game seed: 14536597762434533176

294 Dorkslayer the Covered (level 6, -2/58 HPs)
             Began as a Gargoyle Fighter on Nov 3, 2021.
             Slain by a phantom (5 damage)
             ... on level 4 of the Dungeon.
             The game lasted 00:10:25 (3084 turns).

Dorkslayer the Covered (Gargoyle Fighter)           Turns: 3084, Time: 00:10:27

Health: -2/58      AC: 12    Str: 18 (21) XL:     6   Next: 33%
Magic:  15/15      EV:  9    Int: 12 (14) God:
Gold:   530        SH:  4    Dex:  8 (10) Spells: 5/5 levels left

rFire   . . .      SeeInvis .   a - +1 long sword
rCold   . . .      Faith    .   c - +0 buckler
rNeg    + . .      Spirit   .   b - +0 scale mail
rPois   ∞          Reflect  .   (no helmet)
rElec   +          Harm     .   (no cloak)
rCorr   .          Rampage  .   q - +0 pair of gloves
Will    .....                   (no boots)
Stlth   ..........              (no amulet)
HPRegen 0.19/turn               d - +6 ring of intelligence
MPRegen 0.14/turn               l - ring of magical power

@: berserking, hasted, very quick
A: sickness immunity, AC +4, negative energy resistance 1, electricity
resistance, torment resistance 1, petrification resistance
a: no special abilities


You were on level 4 of the Dungeon.
You visited 1 branch of the dungeon, and saw 4 of its levels.

You collected 530 gold pieces.

Inventory:

Hand Weapons
 a - a +1 long sword (weapon)
Missiles
 e - 3 javelins (quivered)
Armour
 b - a +0 scale mail (worn)
 c - a +0 buckler (worn)
 q - a +0 pair of gloves (worn)
Jewellery
 d - a +6 ring of intelligence (left hand)
 l - a ring of magical power (right hand)
Scrolls
 k - a scroll of teleportation


   Skills:
 + Level 4.3 Fighting
 + Level 3.3 Long Blades
 * Level 0.6 Throwing
 + Level 4.5 Armour
 + Level 1.3 Dodging
 + Level 0.2 Stealth
 + Level 4.4 Shields


You had 5 spell levels left.
You didn't know any spells.
Your spell library contained the following spells:

 Spells                   Type           Power      Damage    Failure   Level
 Static Discharge         Conj/Air       0%         N/A       83%         2
 Dazzling Flash           Conj/Hex       0%         N/A       96%         3
 Iskenderun's Mystic Bla  Conj/Tloc      0%         2d3       100%        4
 Alistair's Intoxication  Tmut/Pois      0%         N/A       100%        5
 Borgnjor's Vile Clutch   Necr/Erth      0%         N/A       100%        5
 Lightning Bolt           Conj/Air       0%         1d11      100%        5
 Eringya's Noxious Bog    Tmut/Pois      0%         N/A       100%        6
 Starburst                Conj/Fire      0%         6d3       100%        6
 Maxwell's Capacitive Co  Air            0%         ∞         100%        8


Dungeon Overview and Level Annotations

Branches:
Dungeon (4/15)
 Temple: D:4-7

Altars:


Innate Abilities, Weirdness & Mutations

You are immune to sickness and miasma.
Your stone body is resilient. (AC +4)
You are immune to poison.
You resist negative energy. (rN+)
You are resistant to electric shocks. (rElec)
You are resistant to unholy torment.
You are immune to petrification.


Message History

You block the phantom's attack.
You closely miss the phantom.
The phantom is heavily damaged.
The phantom hits you.
The phantom blinks!
You blink.
The phantom closely misses you.
You closely miss the phantom.
The phantom is moderately damaged.
The phantom hits you but does no damage.
You hit the phantom but do no damage.
The phantom is moderately damaged.
The phantom hits you but does no damage.
You barely miss the phantom.
The phantom is moderately damaged.
The phantom hits you but does no damage.
You miss the phantom.
The phantom is moderately damaged.
The phantom hits you.
The phantom blinks!
You blink.
The phantom hits you!
* * * LOW HITPOINT WARNING * * *
The phantom blinks!
You blink.
You hit the phantom.
The phantom is heavily damaged.
The phantom hits you.
* * * LOW HITPOINT WARNING * * *
The phantom blinks!
You blink.
You block the phantom's attack.
It was a potion of haste.
You feel yourself speed up.
The phantom hits you but does no damage.
It was a potion of degeneration.
There was something very wrong with that liquid.
You feel weakened.
You feel dopey.
You feel clumsy.
It was a potion of magic.
Magic courses through your body. The phantom barely misses you.
You closely miss the phantom.
The phantom is heavily damaged.
The phantom hits you.
* * * LOW HITPOINT WARNING * * *
The phantom blinks!
You blink.
A red film seems to cover your vision as you go berserk!
You feel yourself moving faster!
You feel mighty! The phantom hits you.
You die...

.......#####.......#
.......# #.......#
......## #.....=.#
.......# #.......#
.......# #.......#
..§#.#.#####.......#
##.......§.......#.#
#.#.#.########W.#.#
#.....# #.@#.#
####.## #..#.#
#.####### ####.#
#§§....(# #.#
#######.# #.#
#######.## #.#
≈...≈.≈..# #.#
.........# #<#
.≈≈≈.≈≈≈≈≈≈ ###


You could see a phantom.

Vanquished Creatures
  A black bear (D:3)
  An ogre (D:4)
  4 gnolls
  2 adders
  A dart slug (D:1)
  7 ball pythons
  6 bats
  6 endoplasms
  3 giant cockroaches
  5 hobgoblins
  3 jackals (D:2)
  5 quokkas
  2 frilled lizards
  6 goblins
  4 kobolds
  4 rats
60 creatures vanquished.

Notes
Turn   | Place    | Note
-------+----------+-------------------------------------------
     0 | D:1      | Dorkslayer the Gargoyle Fighter began the quest for the
                  | Orb.
     0 | D:1      | Reached XP level 1. HP: 14/14 MP: 1/1
   105 | D:1      | Reached XP level 2. HP: 19/19 MP: 2/2
   639 | D:1      | Reached XP level 3. HP: 24/24 MP: 3/3
   879 | D:2      | Identified a scroll of acquirement
   879 | D:2      | Acquired 439 gold pieces
  1491 | D:2      | Reached XP level 4. HP: 26/29 MP: 4/4
  2316 | D:3      | Found a faded altar of an unknown god.
  2418 | D:3      | Noticed a black bear
  2429 | D:3      | Killed a black bear
  2430 | D:3      | Reached XP level 5. HP: 20/33 MP: 5/5
  2672 | D:3      | Reached skill level 1 in Dodging
  3028 | D:4      | Noticed an ogre
  3036 | D:4      | Killed an ogre
  3037 | D:4      | Reached XP level 6. HP: 28/39 MP: 6/6
  3084 | D:4      | Slain by a phantom

Illustrated notes

Levels and vault maps discovered:
D:1:      tarquinn_simple_flora_water_e, layout_basic
D:2:      layout_basic, grunt_ministairs_9
D:3:      layout_loops_ring, hellmonk_ecumenical_altar_leap_of_faith
D:4:      layout_basic, serial_glass, glass_columns_a, glass_columns_b,
          chequers_serial_rivers_small_3

Skill      XL: |  1  2  3  4  5 |
---------------+----------------+-----
Long Blades    | 2 3 |  3.3
Fighting       | 4 |  4.3
Armour         | 4 |  4.5
Shields        | 4 |  4.4
Dodging        | 1 |  1.3
Throwing       | |  0.6
Stealth        | |  0.2

Action                   |  1- 3 |  4- 6 || total
-------------------------+-------+-------++-------
Melee: Long sword        |   115 |    97 ||   212
Throw: Javelin           |       |     5 ||     5
  Use: Potion            |     2 |     7 ||     9
       Scroll            |     1 |     5 ||     6
Armor: Scale mail        |    60 |    59 ||   119
Dodge: Dodged            |    60 |    50 ||   110
Block: Buckler           |    34 |    29 ||    63

Table legend: (Time is in decaauts)
 A = Elapsed time spent in this place.
 B = Non-inter-level travel time spent in this place.
 C = Inter-level travel time spent in this place.
 D = Time resting spent in this place.
 E = Time spent auto-exploring this place.
 F = Levels seen in this place.
 G = Mean time per level.
                   A        B        C        D        E       F      G
               +--------+--------+--------+--------+--------+-----+--------+
         Total |   3154 |   3154 |      0 |    264 |    951 |   4 |  788.5 |
       Dungeon |   3154 |   3154 |      0 |    264 |    951 |   4 |  788.5 |
               +--------+--------+--------+--------+--------+-----+--------+

Top non-repeatable levels by time:
     D:3: 1079 daAuts
     D:2: 1061 daAuts
     D:1: 898 daAuts
     D:4: 115 daAuts
